[Event "ICC tourney 1994 (90 10)"]
[Site "Internet Chess Club"]
[Date "2020.09.05"]
[Round "1"]
[White "KnightHopper"]
[Black "jy2020"]
[Result "1-0"]
[ICCResult "Black checkmated"]
[WhiteElo "1847"]
[BlackElo "2217"]
[Opening "Sicilian: Smith-Morra gambit"]
[ECO "B21"]
[NIC "SI.47"]
[Time "11:05:02"]
[TimeControl "5400+10"]

1. e4 c5 2. d4 cxd4 3. c3 Nf6 4. e5 Nd5 5. cxd4 d6 6. Nf3 Nc6 7. a3 Bf5 8.
Be2 e6 9. O-O Be7 10. exd6 Qxd6 11. Nc3 O-O 12. Re1 a6 13. Bc4 Nb6 14. Bb3
Rfd8 15. Be3 Bf6 16. Qe2 Nxd4 17. Nxd4 Bxd4 18. Rad1 Qc5 19. Qd2 e5 20. Ne2
Bg4 21. Bxd4 exd4 22. Qf4 Bxe2 23. Qxf7+ Kh8 24. Rxe2 Rf8 25. Qe7 Qb5 26.
Bc2 Nd5 27. Qh4 Nf6 28. Bd3 Qb3 29. Red2 Rad8 30. g4 Qf7 31. g5 Nh5 32. Bc2
g6 33. Rxd4 Rc8 34. Rd7 Qf4 35. Rxh7+ Kg8 36. Qxf4 Rxf4 37. Bxg6 Rg4+ 38.
Kf1 Rxg5 39. Bb1 b5 40. Rhd7 Rf8 41. Rd8 Rxd8 42. Rxd8+ Kg7 43. Ra8 Rd5 44.
Be4 Rd4 45. Bf3 Nf4 46. Ra7+ Kh8 47. Rxa6 Rd3 48. Bg4 Rd2 49. Rf6 Nd3 50.
Be2 Nxb2 51. Bxb5 Rd5 52. a4 Nd1 53. Kg2 Nc3 54. Bc6 Rc5 55. Kf3 Kg7 56. Rd6
Rh5 57. Kg2 Rg5+ 58. Kf3 Rh5 59. Rd7+ Kf6 60. Kg3 Rc5 61. Rd6+ Ke7 62. Rg6
Kf7 63. Rh6 Ra5 64. Rh4 Rc5 65. Bf3 Ra5 66. Bc6 Rc5 67. Bd7 Ke7 68. Rh7+ Kd8
69. Bb5 Nxb5 70. axb5 Rxb5 71. Rf7 Ke8 72. Rf4 Rg5+ 73. Kh4 Rg2 74. h3 Ke7
75. Kh5 Ke6 76. h4 Ke5 77. Rf8 Rh2 78. Kg5 Rg2+ 79. Kh6 Ke6 80. h5 Ke7 81.
Rf3 Ke6 82. Kh7 Ke5 83. h6 Ke4 84. Rf7 Ke5 85. Kh8 Ke6 86. Rf3 Ke7 87. h7
Rg4 88. Rg3 Rf4 89. Kg7 Rf7+ 90. Kh6 Rf6+ 91. Rg6 Rf8 92. Rg8 Rf6+ 93. Kg5
Rxf2 94. h8=Q Rg2+ 95. Kf4 Rf2+ 96. Ke3 Rf7 97. Qe5+ Kd7 98. Re8 Rh7 99.
Qe6+ Kc7 100. Rc8+ Kb7 101. Qc6+ Ka7 102. Ra8# {Black checkmated} 1-0

[Event "ICC tourney 1994 (90 10)"]
[Site "Internet Chess Club"]
[Date "2020.09.05"]
[Round "1"]
[White "edgehog"]
[Black "justinchess"]
[Result "0-1"]
[ICCResult "White resigns"]
[WhiteElo "1678"]
[BlackElo "2387"]
[Opening "Sicilian: Alapin's variation (2.c3)"]
[ECO "B22"]
[NIC "SI.46"]
[Time "11:04:45"]
[TimeControl "5400+10"]

1. e4 c5 2. c3 d5 3. exd5 Qxd5 4. d4 Nf6 5. Nf3 e6 6. Be3 cxd4 7. cxd4 Bb4+
8. Nc3 Qa5 9. Bd2 O-O 10. a3 Bxc3 11. bxc3 Qc7 12. Bd3 b6 13. Qe2 Bb7 14.
O-O Nbd7 15. Rfe1 Rfe8 16. Ne5 Nxe5 17. Qxe5 Qxe5 18. Rxe5 Rac8 19. a4 Bd5
20. Bb5 Red8 21. f3 Bc4 22. a5 Nd5 23. Bxc4 Rxc4 24. axb6 axb6 25. Ra6 Rb8
26. Kf2 h6 27. Ke2 Rbc8 28. Kd3 Nxc3 29. Rxb6 Nd5 30. Rb3 Ra4 31. Re1 Ra2
32. Rd1 Kh7 33. Rbb1 Ra3+ 34. Ke2 Rc2 35. Rbc1 Rb2 36. Ke1 Ne3 {White
resigns} 0-1

[Event "ICC tourney 1994 (90 10)"]
[Site "Internet Chess Club"]
[Date "2020.09.05"]
[Round "1"]
[White "tcao"]
[Black "chessmate09520"]
[Result "1-0"]
[ICCResult "Black checkmated"]
[WhiteElo "1873"]
[BlackElo "2038"]
[Opening "Sicilian: accelerated fianchetto, modern variation"]
[ECO "B34"]
[NIC "SI.33"]
[Time "11:05:11"]
[TimeControl "5400+10"]

1. e4 c5 2. Nf3 Nc6 3. d4 cxd4 4. Nxd4 g6 5. Nc3 Bg7 6. Be3 Nf6 7. Be2 O-O
8. O-O d5 9. exd5 Nxd5 10. Nxd5 Qxd5 11. Bf3 Qc4 12. c3 Nxd4 13. cxd4 Rd8
14. Qd2 Bxd4 15. Rac1 Qa4 16. b3 Qd7 17. Rfd1 e5 18. Bxd4 exd4 19. Rc4 Qb5
20. Rxd4 Rxd4 21. Qxd4 Be6 22. h3 Qa6 23. Rd2 Rc8 24. Qf6 Qa5 25. Re2 Qc7
26. Rxe6 fxe6 27. Bg4 Re8 28. Bxe6+ Rxe6 29. Qxe6+ Kg7 30. Qc4 Qxc4 31. bxc4
Kf6 32. f4 Kf5 33. g3 Ke4 34. Kf2 b6 35. Ke2 h6 36. h4 h5 37. Kf2 a5 38. a4
Kd4 39. g4 hxg4 40. Kg3 Kxc4 41. f5 Kd5 42. fxg6 Ke6 43. h5 b5 44. axb5 a4
45. b6 a3 46. g7 Kf7 47. b7 a2 48. b8=Q a1=Q 49. g8=Q+ Kf6 50. Qh8+ Kg5 51.
Qf4# {Black checkmated} 1-0

[Event "ICC tourney 1994 (90 10)"]
[Site "Internet Chess Club"]
[Date "2020.09.05"]
[Round "1"]
[White "CARTERD253"]
[Black "Solidwrench2"]
[Result "1-0"]
[ICCResult "Black resigns"]
[WhiteElo "2153"]
[BlackElo "1497"]
[Opening "King's Indian: Petrosian system, Stein variation"]
[ECO "E92"]
[NIC "KI.17"]
[Time "11:04:32"]
[TimeControl "5400+10"]

1. d4 Nf6 2. c4 g6 3. Nc3 Bg7 4. e4 d6 5. Be2 O-O 6. Nf3 e5 7. d5 a5 8. O-O
Na6 9. Qc2 Nc5 10. Bg5 h6 11. Be3 Nfd7 12. Nd2 f5 13. f3 f4 14. Bf2 g5 15.
b3 h5 16. a3 Rf6 17. b4 Na6 18. Rab1 Rg6 19. Rfc1 g4 20. Kf1 g3 21. hxg3
fxg3 22. Be3 h4 23. Bd3 h3 24. gxh3 g2+ 25. Ke2 Qh4 26. Rg1 Qxh3 27. Nd1 Bh6
28. Nf2 Qg3 29. Bxh6 Rxh6 30. Ng4 Rg6 31. Ne3 Qh3 32. c5 Nf6 33. Bxa6 bxa6
34. cxd6 Nh5 35. Qc6 Nf4+ 36. Kd1 Ra7 37. Qe8+ Kh7 38. Qxe5 Qh4 39. Qe7+
Qxe7 40. dxe7 Bd7 41. Ndc4 axb4 42. Rxb4 Kg7 43. Ne5 Kf6 44. Nxd7+ Kxe7 45.
Ne5 {Black resigns} 1-0

[Event "ICC tourney 1994 (90 10)"]
[Site "Internet Chess Club"]
[Date "2020.09.05"]
[Round "1"]
[White "infiniteshug"]
[Black "vedrau"]
[Result "0-1"]
[ICCResult "White resigns"]
[WhiteElo "2181"]
[BlackElo "1979"]
[Opening "Giuoco Piano"]
[ECO "C54"]
[NIC "IG.02"]
[Time "11:04:36"]
[TimeControl "5400+10"]

1. e4 e5 2. Nf3 Nc6 3. Bc4 Bc5 4. c3 Nf6 5. d3 O-O 6. Bb3 d6 7. Bg5 h6 8.
Bh4 Be6 9. Nbd2 Qe7 10. Nf1 Rad8 11. Ne3 Bxe3 12. fxe3 d5 13. exd5 Bxd5 14.
O-O Bxb3 15. axb3 Rd6 16. d4 e4 17. Nd2 g5 18. Bg3 Rdd8 19. Rf5 Nd5 20. Qe2
Qe6 21. Raf1 Qg6 22. c4 Nf4 23. Qg4 Ne7 24. Rc5 f5 25. Qd1 Ne6 26. Re5 c6
27. Qe1 Rd7 28. Nb1 f4 29. exf4 gxf4 30. Bh4 f3 31. Qg3 Nxd4 32. Qxg6+ Nxg6
33. Rxe4 Ne2+ 34. Kf2 fxg2+ 35. Kxg2 Nxh4+ 36. Rxh4 Rg7+ {White resigns} 0-1

[Event "ICC tourney 1994 (90 10)"]
[Site "Internet Chess Club"]
[Date "2020.09.05"]
[Round "1"]
[White "esrosenberg"]
[Black "sushi96"]
[Result "1-0"]
[ICCResult "Black resigns"]
[WhiteElo "2246"]
[BlackElo "1950"]
[Opening "QGD semi-Slav"]
[ECO "D43"]
[NIC "SL.03"]
[Time "11:04:37"]
[TimeControl "5400+10"]

1. Nf3 d5 2. c4 c6 3. d4 Nf6 4. Nc3 e6 5. Bg5 Be7 6. e3 O-O 7. Qc2 h6 8. Bf4
Bd6 9. Ne5 Qe7 10. c5 Bc7 11. b4 Nh5 12. Be2 Nxf4 13. exf4 b6 14. Rb1 Bxe5
15. fxe5 Ba6 16. Bxa6 Nxa6 17. Qa4 Qb7 18. b5 Nb8 19. O-O Rc8 20. f4 Nd7 21.
f5 exf5 22. bxc6 Qxc6 23. Qxc6 Rxc6 24. Nxd5 Re8 25. Rxf5 g6 26. Rff1 Kg7
27. Nb4 Rcc8 28. c6 Nb8 29. d5 a5 30. Nd3 Nxc6 31. dxc6 Rxc6 32. a4 Rc3 33.
Rf3 Rd8 34. Nf4 Rxf3 35. gxf3 Rd4 36. Ne2 Rxa4 37. Rxb6 Ra1+ 38. Kf2 Rh1 39.
Kg2 Re1 40. Rb2 g5 41. Ra2 Kg6 42. Kf2 Rh1 43. Ke3 Rxh2 44. Rxa5 h5 45. Ng3
Rh3 46. Ra6+ Kh7 47. Ne4 Kg7 48. Nxg5 Rg3 49. Kf4 h4 50. Rf6 Rg1 51. Kf5 h3
52. Nxh3 Ra1 53. Ng5 Ra7 54. f4 Rb7 55. Rxf7+ Rxf7+ 56. Nxf7 Kxf7 57. e6+
Ke7 58. Ke5 {Black resigns} 1-0

[Event "ICC tourney 1994 (90 10)"]
[Site "Internet Chess Club"]
[Date "2020.09.05"]
[Round "1"]
[White "Zippycollar"]
[Black "RagingKnightNC"]
[Result "0-1"]
[ICCResult "White forfeits on time"]
[WhiteElo "1478"]
[BlackElo "2064"]
[Opening "Grünfeld with Bf4 & e3"]
[ECO "D93"]
[NIC "GI.03"]
[Time "11:04:45"]
[TimeControl "5400+10"]

1. d4 Nf6 2. c4 g6 3. Nc3 d5 4. Bf4 Bg7 5. e3 O-O 6. Nf3 c5 7. dxc5 Qa5 8.
Nd2 dxc4 9. Bxc4 Qxc5 10. O-O Rd8 11. Qc2 Nc6 12. Rac1 Rxd2 13. Bxf7+ Kxf7
14. Qxd2 Qa5 15. Rfd1 Be6 16. a3 Bb3 17. Re1 Rd8 18. Qe2 Rd7 19. h3 a6 20.
Qf3 Ne5 21. Bxe5 Qxe5 22. Qf4 Qxf4 23. exf4 Nh5 24. g3 Rd2 25. Ne4 Rc2 26.
Ng5+ Ke8 27. Nxh7 Rxc1 28. Rxc1 Bd4 29. Kg2 Bxb2 30. Rc8+ Kd7 31. Rc5 Ke8
32. Rc8+ Kf7 33. Ng5+ Kg7 34. f3 Bd5 35. a4 Nf6 36. Rc7 Ba3 37. Rc3 Bd6 38.
Re3 Nd7 39. Ne4 Bxe4 40. fxe4 Nb6 41. e5 Bb4 42. Rb3 a5 43. Rd3 Nxa4 44. Rd7
b5 45. g4 Nc3 46. f5 gxf5 47. gxf5 a4 48. f6+ Kf7 49. fxe7 Bxe7 50. Rc7 b4
51. Kf3 b3 52. Rxc3 b2 {White forfeits on time} 0-1

[Event "ICC tourney 1994 (90 10)"]
[Site "Internet Chess Club"]
[Date "2020.09.05"]
[Round "1"]
[White "Aniketshukla"]
[Black "paciorkowski"]
[Result "0-1"]
[ICCResult "White resigns"]
[WhiteElo "2010"]
[BlackElo "1731"]
[Opening "Caro-Kann: advance variation"]
[ECO "B12"]
[NIC "CK.04"]
[Time "11:04:37"]
[TimeControl "5400+10"]

1. e4 c6 2. d4 d5 3. e5 Bf5 4. Bd3 Bxd3 5. Qxd3 e6 6. Nf3 Qa5+ 7. c3 Qa6 8.
Qxa6 Nxa6 9. O-O c5 10. Be3 Rc8 11. Nbd2 Ne7 12. a3 c4 13. Nh4 Nc6 14. f4
Be7 15. Nhf3 b5 16. Ne1 Nc7 17. f5 a5 18. g3 b4 19. axb4 axb4 20. Ng2 Nb5
21. Nf4 Kd7 22. Ne2 Ra8 23. Nf3 exf5 24. Ng5 Bxg5 25. Bxg5 bxc3 26. bxc3 h6
27. Be3 Ne7 28. Rab1 Kc6 29. Rb2 Rhb8 30. Rfb1 Rb7 31. Nc1 Rab8 32. Na2 Na3
33. Nb4+ Kd7 34. Ra1 Ra7 35. Bf4 Rba8 36. Rba2 Nb5 37. Na6 g5 38. e6+ fxe6
39. Be5 Kc8 40. Nb4 Rxa2 41. Rxa2 Rxa2 42. Nxa2 Ng6 43. Bg7 h5 44. Bh6 g4
45. Kf2 Nd6 46. Ke3 Ne4 47. Bg7 Kd7 48. Be5 Kc6 49. Ke2 Kb5 50. Kd1 Ng5 51.
Nc1 Nf3 52. Ne2 Nxh2 53. Bf4 Nf3 54. Kc2 Ne1+ 55. Kd2 Nd3 56. Bd6 Kc6 57.
Bb8 h4 58. gxh4 Nxh4 59. Bg3 Ng6 60. Ke3 f4+ 61. Nxf4 Ndxf4 62. Bxf4 Nxf4
63. Kxf4 Kd6 64. Kxg4 e5 65. dxe5+ Kxe5 66. Kf3 d4 67. cxd4+ Kxd4 68. Ke2
Kc3 69. Kd1 Kb2 70. Kd2 c3+ 71. Kd1 c2+ 72. Ke2 {White resigns} 0-1

[Event "ICC tourney 1994 (90 10)"]
[Site "Internet Chess Club"]
[Date "2020.09.05"]
[Round "1"]
[White "Jupiter435"]
[Black "canary2016"]
[Result "1-0"]
[ICCResult "Black checkmated"]
[WhiteElo "2398"]
[BlackElo "1998"]
[Opening "Caro-Kann: Tartakower (Nimzovich) variation"]
[ECO "B15"]
[NIC "CK.06"]
[Time "11:04:38"]
[TimeControl "5400+10"]

1. e4 c6 2. d4 d5 3. Nc3 dxe4 4. Nxe4 Nf6 5. Nxf6+ exf6 6. c3 Bd6 7. Bd3 O-O
8. Ne2 Re8 9. Qc2 h5 10. O-O h4 11. h3 Nd7 12. Bd2 Nf8 13. Rad1 Be6 14. c4
Rc8 15. Rfe1 Bb8 16. Be3 Qd7 17. Nf4 Qd6 18. Kf1 Bd7 19. Bf5 Ne6 20. Nxe6
Bxe6 21. Bxe6 Rxe6 22. Qf5 Rce8 23. Qf3 Re4 24. d5 cxd5 25. cxd5 Qa6+ 26.
Kg1 Bd6 27. a3 Qb5 28. Rd2 Qb3 29. Qd1 Qb5 30. Qe2 Qa5 31. Rdd1 f5 32. Qd2
Qb5 33. Bxa7 Rxe1+ 34. Rxe1 Rxe1+ 35. Qxe1 Qxb2 36. Bb8 Qxa3 37. Bxd6 Qxd6
38. Qe8+ Qf8 39. Qd7 Qc5 40. Qxf5 Qc1+ 41. Kh2 Qc7+ 42. f4 Kf8 43. Qg4 Qd8
44. Qh5 Qd6 45. Qxh4 f6 46. Qh8+ Kf7 47. Qh5+ Kf8 48. Qf5 b6 49. h4 g6 50.
Qxg6 Qxf4+ 51. Qg3 Qd4 52. d6 Ke8 53. h5 b5 54. h6 f5 55. h7 Kd7 56. Kh3 b4
57. Qg6 Qe3+ 58. Kh4 Qf4+ 59. Kh5 Qh2+ 60. Kg5 Qxg2+ 61. Kh6 Qh2+ 62. Kg7
Qe5+ 63. Kg8 b3 64. h8=Q b2 65. Qxe5 b1=Q 66. Qge8# {Black checkmated} 1-0

[Event "ICC tourney 1994 (90 10)"]
[Site "Internet Chess Club"]
[Date "2020.09.05"]
[Round "1"]
[White "dopolian"]
[Black "chessrani"]
[Result "1/2-1/2"]
[ICCResult "Game drawn by mutual agreement"]
[WhiteElo "2317"]
[BlackElo "2012"]
[Opening "Sicilian: Pelikan, Bird variation"]
[ECO "B33"]
[NIC "SI.36"]
[Time "11:04:43"]
[TimeControl "5400+10"]

1. e4 c5 2. Nf3 Nc6 3. d4 cxd4 4. Nxd4 Nf6 5. Nc3 e5 6. Ndb5 d6 7. Bg5 a6 8.
Na3 Be6 9. Nc4 Rc8 10. Ne3 Be7 11. Be2 O-O 12. Bxf6 Bxf6 13. Ncd5 Bg5 14.
O-O Ne7 15. c3 Bxe3 16. Nxe3 d5 17. exd5 Nxd5 18. Nxd5 Bxd5 19. Qc1 Qb6 20.
b3 Qc6 21. Qg5 f6 22. Qg3 Qxc3 23. Rfd1 Qxg3 24. hxg3 Rfd8 25. Bg4 Rc6 26.
Bf3 Rcd6 27. Rac1 Bc6 28. Rxd6 Rxd6 29. Bxc6 Rxc6 30. Rd1 Rc7 31. Kf1 Kf7
32. Rd2 Ke6 33. g4 Rc3 34. Ke2 e4 35. g3 b5 36. Rd4 Ke5 37. Rd7 Rc2+ 38. Ke3
Rxa2 39. Rxg7 Rb2 40. Re7+ Kd5 41. Rd7+ Ke6 42. Rxh7 Rxb3+ 43. Kxe4 Rb4+ 44.
Kd3 Rxg4 45. Rb7 Ra4 46. g4 Ke5 47. Rb6 Ra3+ 48. Kc2 Ra2+ 49. Kd3 Rxf2 50.
Rxa6 Rb2 51. Rb6 Rb4 52. Kd2 Rd4+ 53. Ke3 Rb4 54. Kd3 Rxg4 55. Rxb5+ Kf4 56.
Ke2 f5 57. Kf2 Kg5 58. Ra5 Rc4 59. Kf3 Rc3+ 60. Kf2 Kg4 61. Ra8 Rb3 62. Rc8
Rb2+ 63. Kf1 f4 64. Rc3 f3 65. Rc8 {Game drawn by mutual agreement} 1/2-1/2

[Event "ICC tourney 1994 (90 10)"]
[Site "Internet Chess Club"]
[Date "2020.09.05"]
[Round "2"]
[White "OneEverest"]
[Black "Ben1927829"]
[Result "1-0"]
[ICCResult "Black resigns"]
[WhiteElo "2024"]
[BlackElo "1830"]
[Opening "French: Tarrasch"]
[ECO "C03"]
[NIC "FR.07"]
[Time "15:36:15"]
[TimeControl "5400+10"]

1. e4 e6 2. d4 d5 3. Nd2 dxe4 4. Nxe4 Bd7 5. Bd3 Bc6 6. Nf3 Nd7 7. c3 Ngf6
8. Qe2 Be7 9. O-O Nxe4 10. Bxe4 Bb5 11. Qxb5 c6 12. Qxb7 O-O 13. Bxc6 Nb6
14. Bf4 Bd6 15. Bxd6 Qxd6 16. Be4 f5 17. Qc6 Qe7 18. Bd3 Rfc8 19. Qb5 Rab8
20. Rfe1 Nc4 21. Qxf5 exf5 22. Rxe7 Nxb2 23. Bxf5 Rxc3 24. Be6+ Kh8 25. Rxa7
Nd3 26. Ne5 Nxe5 27. dxe5 Rd8 28. Bb3 Rdc8 29. g3 {Black resigns} 1-0

[Event "ICC tourney 1994 (90 10)"]
[Site "Internet Chess Club"]
[Date "2020.09.05"]
[Round "2"]
[White "sushi96"]
[Black "Heliosis"]
[Result "1-0"]
[ICCResult "Black resigns"]
[WhiteElo "1963"]
[BlackElo "1782"]
[Opening "Nimzo-Indian: Kmoch variation"]
[ECO "E20"]
[NIC "NI.30"]
[Time "15:36:10"]
[TimeControl "5400+10"]

1. d4 Nf6 2. c4 e6 3. Nc3 Bb4 4. f3 c5 5. d5 O-O 6. e4 exd5 7. cxd5 d6 8.
Ne2 b6 9. Ng3 Re8 10. Be2 Bb7 11. O-O Nbd7 12. Nf5 Ne5 13. a3 Bxc3 14. bxc3
Qd7 15. c4 Ba6 16. Qc2 Rad8 17. Bg5 b5 18. Bxf6 gxf6 19. Qd2 Ng4 20. fxg4
{Black resigns}
1-0

[Event "ICC tourney 1994 (90 10)"]
[Site "Internet Chess Club"]
[Date "2020.09.05"]
[Round "2"]
[White "panss"]
[Black "mopaska1106"]
[Result "1-0"]
[ICCResult "Black resigns"]
[WhiteElo "1671"]
[BlackElo "2010"]
[Opening "Sicilian: Alapin's variation (2.c3)"]
[ECO "B22"]
[NIC "SI.46"]
[Time "15:36:16"]
[TimeControl "5400+10"]

1. e4 c5 2. c3 d5 3. exd5 Qxd5 4. d4 Nc6 5. Nf3 Bf5 6. dxc5 Qxd1+ 7. Kxd1
Nf6 8. Be3 Rd8+ 9. Nbd2 Ng4 10. Bb5 Nxe3+ 11. fxe3 e6 12. b4 Be7 13. Ke2 O-O
14. Bxc6 bxc6 15. Nd4 Bg4+ 16. N2f3 Rc8 17. h3 Bh5 18. e4 Rfe8 19. Ke3 h6
20. Ne5 Bg5+ 21. Kd3 f5 22. g4 fxe4+ 23. Kxe4 Bf7 24. Ndxc6 Rxc6 25. Nxc6
Bg6+ 26. Kd4 Bf6+ 27. Kc4 a6 28. a4 e5 29. b5 e4 30. Nd4 a5 31. b6 Re5 32.
b7 Bf7+ 33. Kb5 Be8+ 34. Ka6 {Black resigns} 1-0

[Event "ICC tourney 1994 (90 10)"]
[Site "Internet Chess Club"]
[Date "2020.09.05"]
[Round "2"]
[White "chessisthebest1"]
[Black "ShadowApt"]
[Result "0-1"]
[ICCResult "White resigns"]
[WhiteElo "1886"]
[BlackElo "2079"]
[Opening "Sicilian: Najdorf"]
[ECO "B90"]
[NIC "SI.14"]
[Time "15:36:12"]
[TimeControl "5400+10"]

1. e4 c5 2. Nf3 d6 3. d4 cxd4 4. Nxd4 Nf6 5. Nc3 a6 6. f3 e5 7. Nb3 Be7 8.
Be3 O-O 9. Qd2 Be6 10. g4 b5 11. O-O-O b4 12. Nd5 Bxd5 13. exd5 a5 14. Kb1
a4 15. Nc1 Qa5 16. g5 Nfd7 17. Rg1 Rc8 18. Rg4 b3 19. cxb3 Qc7 20. Rc4 Qb7
21. Rxc8+ Qxc8 22. b4 a3 23. b3 Na6 24. b5 Nac5 25. Nd3 e4 26. Nxc5 Nxc5 27.
f4 h6 28. Rc1 hxg5 29. fxg5 Qf5 30. Bxc5 dxc5 31. h4 Bd6 32. Bg2 Bf4 33. Rf1
e3+ 34. Qc2 Qe5 35. Re1 Bg3 36. Re2 Qd4 37. h5 Be5 38. Kc1 c4 39. b4 Rb8
{White resigns}
0-1

[Event "ICC tourney 1994 (90 10)"]
[Site "Internet Chess Club"]
[Date "2020.09.05"]
[Round "2"]
[White "BirchRun"]
[Black "Tombstone"]
[Result "1/2-1/2"]
[ICCResult "Game drawn by mutual agreement"]
[WhiteElo "1873"]
[BlackElo "2024"]
[Opening "Queen's pawn, Mason variation"]
[ECO "D00"]
[NIC "QP.08"]
[Time "15:36:12"]
[TimeControl "5400+10"]

1. d4 d5 2. Bf4 Nf6 3. e3 Bf5 4. c4 c6 5. Qb3 Qb6 6. c5 Qxb3 7. axb3 Nbd7 8.
Nf3 Nh5 9. Bc7 h6 10. h3 Nhf6 11. Nc3 a6 12. b4 Rc8 13. Bh2 g5 14. Be2 Bg7
15. O-O O-O 16. Ne5 Nxe5 17. Bxe5 Nd7 18. Bxg7 Kxg7 19. f4 Bh7 20. f5 e5 21.
g4 Rce8 22. Bf3 Nf6 23. Rfe1 Re7 24. Kf2 Rfe8 25. Rad1 h5 26. dxe5 Rxe5 27.
Rd4 Kh6 28. Re2 Kg7 {Game drawn by mutual agreement} 1/2-1/2

[Event "ICC tourney 1994 (90 10)"]
[Site "Internet Chess Club"]
[Date "2020.09.05"]
[Round "2"]
[White "wangfang75"]
[Black "Aniketshukla"]
[Result "0-1"]
[ICCResult "White resigns"]
[WhiteElo "1808"]
[BlackElo "2016"]
[Opening "French: exchange variation"]
[ECO "C01"]
[NIC "FR.01"]
[Time "15:36:37"]
[TimeControl "5400+10"]

1. e4 e6 2. d4 d5 3. exd5 exd5 4. c4 Nf6 5. Nc3 Be7 6. Nf3 O-O 7. c5 b6 8.
b4 a5 9. bxa5 bxc5 10. Qa4 cxd4 11. Nxd4 c5 12. Nb3 c4 13. Nd4 Rxa5 14. Qc2
Bc5 15. Be3 Bb4 16. Bd2 Re8+ 17. Be2 Qb6 18. Rb1 Qxd4 19. Rxb4 Nc6 20. Rb2
Qe5 21. O-O Bf5 22. Qc1 Raa8 23. Bf4 Qe7 24. Nb5 Red8 25. Re1 Qc5 26. Nc7
Rac8 27. Rb5 Qa7 28. Bxc4 Nd4 29. Nxd5 Nxd5 {White resigns} 0-1

[Event "ICC tourney 1994 (90 10)"]
[Site "Internet Chess Club"]
[Date "2020.09.05"]
[Round "2"]
[White "WR3311"]
[Black "edgehog"]
[Result "1/2-1/2"]
[ICCResult "Game drawn by mutual agreement"]
[WhiteElo "1830"]
[BlackElo "1703"]
[Opening "English opening"]
[ECO "A13"]
[NIC "EO.64"]
[Time "15:36:27"]
[TimeControl "5400+10"]

1. c4 e6 2. g3 d5 3. cxd5 exd5 4. Bg2 Nf6 5. Nc3 d4 6. Ne4 Nxe4 7. Bxe4 c6
8. Bg2 Bf5 9. d3 Nd7 10. Nf3 Nf6 11. O-O Bc5 12. b4 Bxb4 13. Qb3 c5 14. a3
Be6 15. Qa4+ Bd7 16. Qb3 Bc3 17. Rb1 Bc6 18. Ne5 Nd5 19. Nxc6 bxc6 20. Qb7
Qc8 21. Bh3 Qxb7 22. Rxb7 O-O 23. Bd7 Rab8 24. Bxc6 Rxb7 25. Bxb7 Nb6 26.
Bf4 Re8 27. Bf3 c4 28. dxc4 {Game drawn by mutual agreement} 1/2-1/2

[Event "ICC tourney 1994 (90 10)"]
[Site "Internet Chess Club"]
[Date "2020.09.05"]
[Round "2"]
[White "playerlucky"]
[Black "infiniteshug"]
[Result "0-1"]
[ICCResult "White resigns"]
[WhiteElo "1892"]
[BlackElo "2186"]
[Opening "King's Indian, 3.Nf3"]
[ECO "E61"]
[NIC "QP.06"]
[Time "15:36:10"]
[TimeControl "5400+10"]

1. d4 Nf6 2. Nf3 g6 3. c4 Bg7 4. Nc3 O-O 5. Bg5 d6 6. e3 c5 7. Be2 h6 8. Bh4
Nc6 9. a3 Qb6 10. Qd2 Bf5 11. O-O cxd4 12. Nxd4 Nxd4 13. exd4 g5 14. Bg3 Ne4
15. Nxe4 Bxe4 16. Rfd1 a5 17. f3 Bg6 18. Bf2 Rfc8 19. b4 axb4 20. axb4 Qd8
21. h3 Rc7 22. Bd3 Bxd3 23. Qxd3 Qc8 24. c5 Rxa1 25. Rxa1 dxc5 26. bxc5 Rxc5
27. dxc5 Bxa1 28. Qe4 Qd7 29. h4 Bf6 30. hxg5 hxg5 31. Kh2 Qc6 32. Qf5 Kg7
33. Be3 e6 34. Qd3 Qd5 35. Qa3 Qc4 36. Kg1 Qe2 37. Qc1 Bb2 38. Qd2 Qxd2 39.
Bxd2 Bd4+ 40. Kf1 Kf6 41. Bb4 Ke5 42. Ke2 Kd5 43. Kd3 Bxc5 44. Bd2 f6 45.
Bc3 e5 46. g4 b5 47. Ba5 Be7 48. Bb6 Kc6 49. Be3 Bc5 50. Bd2 Kb6 51. Bc3 b4
52. Bb2 Kb5 53. Ke4 Kc4 54. Kf5 Kb3 55. Bxe5 fxe5 56. Kxg5 Ka2 57. Kf6 b3
58. g5 b2 59. g6 Bf8 60. Kf7 Bh6 61. g7 Bxg7 62. Kxg7 b1=Q {White resigns}
0-1

[Event "ICC tourney 1994 (90 10)"]
[Site "Internet Chess Club"]
[Date "2020.09.05"]
[Round "2"]
[White "justinchess"]
[Black "GutsyEdge"]
[Result "1-0"]
[ICCResult "Black resigns"]
[WhiteElo "2392"]
[BlackElo "2074"]
[Opening "QGD semi-Slav: Stoltz variation"]
[ECO "D45"]
[NIC "SL.08"]
[Time "15:36:11"]
[TimeControl "5400+10"]

1. c4 c6 2. Nf3 d5 3. e3 Nf6 4. Nc3 e6 5. d4 Nbd7 6. Qc2 Be7 7. b3 b6 8. Be2
Bb7 9. O-O O-O 10. Bb2 c5 11. Rad1 Rc8 12. Qb1 Qc7 13. cxd5 exd5 14. Rc1 Qb8
15. Rfd1 Rfd8 16. Bf1 Bf8 17. g3 g6 18. Bg2 Bg7 19. Ne2 Ne4 20. dxc5 Bxb2
21. Qxb2 Ndxc5 22. Nf4 a5 23. Ne5 h5 24. f3 Ng5 25. Nexg6 fxg6 26. Qf6 Nxf3+
27. Bxf3 Qd6 28. Qg5 Kh7 29. Nxd5 Bxd5 30. Bxd5 Nd3 31. Rxc8 Rxc8 32. Rxd3
Rc1+ 33. Kg2 Rc2+ 34. Kf3 {Black resigns} 1-0

[Event "ICC tourney 1994 (90 10)"]
[Site "Internet Chess Club"]
[Date "2020.09.05"]
[Round "2"]
[White "joeandjoe56"]
[Black "blueeagle405"]
[Result "0-1"]
[ICCResult "White resigns"]
[WhiteElo "1779"]
[BlackElo "1982"]
[Opening "Sicilian: Pelikan, Chelyabinsk variation"]
[ECO "B33"]
[NIC "SI.37"]
[Time "15:36:19"]
[TimeControl "5400+10"]

1. e4 c5 2. Nf3 Nc6 3. d4 cxd4 4. Nxd4 Nf6 5. Nc3 e5 6. Ndb5 d6 7. Bg5 a6 8.
Na3 b5 9. Nd5 Be7 10. Bxf6 Bxf6 11. c3 O-O 12. Nc2 Bg5 13. Nce3 Bxe3 14.
Nxe3 Be6 15. a4 b4 16. Bc4 bxc3 17. bxc3 Qa5 18. O-O Bxc4 19. Nxc4 Qxc3 20.
Rc1 Qd4 21. Nxd6 Na5 22. Qxd4 exd4 23. Rcd1 Nc6 24. Rc1 Na5 25. Rcd1 Nb3 26.
Rd3 Rab8 27. f4 Rb4 28. Rb1 Rfb8 29. Nb5 Nc5 30. Rxb4 Nxd3 31. Rxd4 Nxf4 32.
Nc3 g6 33. g3 Rb3 34. Rc4 Rxc3 {White resigns} 0-1

[Event "ICC tourney 1994 (90 10)"]
[Site "Internet Chess Club"]
[Date "2020.09.05"]
[Round "2"]
[White "SilverDuck"]
[Black "andrewf2009"]
[Result "1-0"]
[ICCResult "Black resigns"]
[WhiteElo "1721"]
[BlackElo "1820"]
[Opening "French: Rubinstein variation"]
[ECO "C10"]
[NIC "FR.07"]
[Time "15:36:56"]
[TimeControl "5400+10"]

1. e4 e6 2. d4 d5 3. Nc3 dxe4 4. Nxe4 Nd7 5. Nf3 Ngf6 6. Ng3 c5 7. Bd3 cxd4
8. Nxd4 Bc5 9. Bb5 Bxd4 10. O-O Bc5 11. Bg5 O-O 12. Qe2 a6 13. Ba4 Qc7 14.
Bxd7 Bxd7 15. Bxf6 gxf6 16. Nh5 f5 17. Nf6+ Kh8 18. Qh5 Kg7 19. Qg5+ Kh8 20.
Qh6 {Black resigns} 1-0

[Event "ICC tourney 1994 (90 10)"]
[Site "Internet Chess Club"]
[Date "2020.09.05"]
[Round "2"]
[White "Goran21"]
[Black "tangent"]
[Result "1-0"]
[ICCResult "Black resigns"]
[WhiteElo "2103"]
[BlackElo "2282"]
[Opening "Sicilian defense"]
[ECO "B30"]
[NIC "SI.31"]
[Time "15:36:04"]
[TimeControl "5400+10"]

1. e4 c5 2. Nf3 Nc6 3. d3 g6 4. g3 Bg7 5. Bg2 e5 6. O-O Nge7 7. c3 O-O 8.
Be3 b6 9. d4 exd4 10. cxd4 d5 11. exd5 Nxd5 12. Bg5 f6 13. Bc1 Be6 14. Re1
Bf7 15. Nc3 Rc8 16. Nxd5 Bxd5 17. dxc5 bxc5 18. Be3 c4 19. Qe2 Rf7 20. Rad1
Rd7 21. Bh3 f5 22. Bg5 Qa5 23. Bg2 h6 24. Bf4 Re7 25. Qf1 Rxe1 26. Nxe1 Bf7
27. Rd7 Nd8 28. Qe2 Qb6 29. Qe7 Bf6 30. Qe2 Qxb2 31. Qd1 c3 32. Bc7 Rxc7 33.
Rxc7 Qxa2 34. Qd6 Qe6 35. Qd1 Qa2 36. Bf1 Qd2 37. Rd7 Qxd1 38. Rxd1 Ne6 39.
Rd7 Nc5 40. Rxa7 Bb3 41. Rc7 Bd4 42. Bd3 Nxd3 43. Nxd3 Bc2 44. Nc1 Be5 45.
Rc8+ Kf7 46. Ne2 Bd3 47. Nxc3 f4 48. Nd5 fxg3 49. hxg3 Be4 50. Ne3 Bf3 51.
Kf1 Bd6 52. Nc4 Ke7 53. Nxd6 Kxd6 54. Rf8 Be4 55. f3 Bc2 56. Ke2 h5 57. f4
Ke7 58. Rc8 Bf5 59. Rc7+ Kd6 60. Ra7 Kd5 61. Ke3 Bc2 62. Rd7+ Ke6 63. Rc7
Bb1 64. Rc5 Kd6 65. Kd4 Bf5 66. Ra5 Ke6 67. Ra6+ Kf7 68. Ke5 Kg7 69. Ra7+
Kh6 70. Kf6 Bd3 71. Ra8 Kh7 72. Kg5 {Black resigns} 1-0